AoeStats
← PäriS

Highland

505501904Analyzed
2v2 RM · 23d ago on Sep 9, 2026· 63m 40s· 4 players
Game mode
Random Map
Map size
Medium (4 player)
Population
200
Speed
Normal
Resources
Standard
Victory
Conquest
Starting age
Dark Age
Ending age
Imperial Age
RankedLock teamsTeams togetherTeam positionsShared explorationLock speedFull tech treeHidden civsTurbo modeCheats
Victory
Defeat
🇩🇪 Chinese · Germany
616
+16
🇩🇪 Khmer · Germany
493
+21
🇬🇧 Japanese · United Kingdom
615
-19
🇦🇹 Bulgarians · Austria
592
-18
Coopz881006
6:50 Loom
13:35 Feudal Age
15:25 Wheelbarrow
14:32 Horse Collar
14:41 Double-Bit Axe
14:50 Gold Mining
15:29 Stone Mining
21:26 Town Watch
24:07 Castle Age
25:20 Hand Cart
25:40 Caravan
26:58 Medium Warships
27:25 Bow Saw
27:34 Heavy Plow
28:57 Gold Shaft Mining
31:12 Town Patrol
33:29 Forging
33:20 Scale Mail Armor
34:33 Careening
34:37 Clinker Construction
35:24 Arson
35:40 Squires
36:20 Iron Casting
36:01 Chain Mail Armor
36:00 Fortified Wall
37:03 Ballistics
36:41 Murder Holes
43:21 Imperial Age
41:53 Yasama
44:53 Heavy Warships
46:11 Blast Furnace
45:42 Plate Mail Armor
46:37 Conscription
47:10 Elite Samurai
53:56 Onager
57:38 Scale Barding Armor
58:43 Two-Man Saw
58:32 Bloodlines
58:23 Husbandry
57:44 Cavalier
59:52 Chemistry
59:21 Chain Barding Armor
creutzfeld_jakob
12:03 Loom
14:35 Feudal Age
15:06 Double-Bit Axe
15:05 Horse Collar
16:48 Arson
23:47 Castle Age
24:08 Forging
24:46 Bow Saw
24:39 Heavy Plow
24:46 Squires
24:31 Gambesons
25:21 Elite Skirmisher
25:33 Pikeman
26:25 Stone Mining
27:01 Caravan
29:29 Thumb Ring
30:14 Iron Casting
31:32 Fletching
31:43 Padded Archer Armor
31:43 Scale Mail Armor
32:35 Bodkin Arrow
32:55 Leather Archer Armor
34:25 Fervor
38:15 Imperial Age
36:18 Chain Mail Armor
38:18 Halberdier
40:05 Blast Furnace
39:05 Bracer
39:35 Plate Mail Armor
40:34 Crop Rotation
40:53 Wheelbarrow
40:03 Town Watch
41:02 Parthian Tactics
41:53 Ballistics
42:02 Conscription
43:23 Scale Barding Armor
43:53 Stirrups
45:16 Hand Cart
45:02 Town Patrol
44:47 Heavy Cavalry Archer
47:58 Bagains
49:16 Chemistry
48:13 Murder Holes
49:14 Masonry
49:09 Siege Engineers
52:44 Heavy Scorpion
60:11 Onager
PäriS
10:54 Feudal Age
13:05 Double-Bit Axe
16:54 Wheelbarrow
16:09 Horse Collar
21:40 Castle Age
20:49 Gold Mining
21:29 Stone Mining
21:41 Padded Archer Armor
21:32 Fletching
23:21 Bow Saw
25:12 Stone Shaft Mining
25:16 Gold Shaft Mining
25:36 Hand Cart
25:19 Bodkin Arrow
28:00 Heavy Plow
29:48 Loom
30:41 Leather Archer Armor
32:48 Thumb Ring
32:05 Crossbowman
34:11 Medium Warships
34:35 Medium Warships
36:05 Scale Barding Armor
36:28 Ballistics
36:18 Caravan
36:49 Elite Skirmisher
40:28 Imperial Age
40:26 Bloodlines
40:17 Husbandry
39:38 Light Cavalry
44:27 Chemistry
43:08 Elite Chu Ko Nu
45:06 Rocketry
46:29 Bracer
46:59 Ring Archer Armor
46:59 Arbalester
48:14 Elite Fire Lancer
51:10 Squires
60:51 Two-Man Saw
in bubble butts we trust
0:33 Loom
15:05 Feudal Age
15:53 Double-Bit Axe
17:27 Wheelbarrow
18:08 Horse Collar
18:29 Gold Mining
20:10 Stone Mining
23:48 Castle Age
24:43 Hand Cart
24:43 Bow Saw
25:14 Town Watch
25:32 Fishing Lines
26:14 Caravan
28:25 Heavy Plow
32:08 Town Patrol
33:01 Demolition Ship
38:15 Imperial Age
36:01 Pikeman
36:49 Scale Barding Armor
37:54 Gillnets
38:15 Medium Warships
38:48 Ballistics
38:38 Fortified Wall
38:41 Clinker Construction
38:41 Careening
38:37 Siphons
39:59 Stone Shaft Mining
40:42 Crop Rotation
41:45 Carvel Hull
42:21 Gold Shaft Mining
43:16 Double Crossbow
45:29 Heavy Scorpion
46:52 Parthian Tactics
47:02 Chain Barding Armor
46:42 Padded Archer Armor
46:32 Fletching
46:42 Scale Mail Armor
46:53 Forging
47:18 Fervor
49:42 Chemistry
48:39 Murder Holes
48:55 Masonry
48:35 Heated Shot
48:51 Siege Engineers
49:20 Dry Dock
51:43 Elite Ballista Elephant
55:10 Elite Cannon Galleon
56:55 Plate Barding Armor
56:35 Leather Archer Armor
56:15 Bodkin Arrow
56:36 Chain Mail Armor
56:56 Iron Casting
59:34 Ring Archer Armor
59:36 Architecture
Connection lost

Rejoining the realm…

Still unreachable

The connection could not be restored.

Session expired

The server has moved on; the page needs a fresh start.